 Dungeon Crawl Stone Soup version 0.27-a0-29-g2d0a2396b0 (webtiles) character file.

Game seed: 9832769376528409551

37 sanka the Grave Robber (level 3, -7/26 HPs)
             Began as a Ghoul Necromancer on Jan 3, 2021.
             Mangled by a worm (9 damage)
             ... on level 2 of the Dungeon.
             The game lasted 00:01:58 (1604 turns).

sanka the Grave Robber (Ghoul Necromancer)          Turns: 1604, Time: 00:01:58

Health: -7/26      AC:  2    Str: 11    XL:     3   Next: 41%
Magic:  1/5        EV: 12    Int: 11    God:
Gold:   45         SH:  0    Dex:  9    Spells: 4/6 levels left

rFire    . . .     SeeInvis .   (no weapon)
rCold    + . .     Faith    .   (no shield)
rNeg     + + +     Spirit   .   a - +0 robe
rPois    ∞         Reflect  .   (no helmet)
rElec    .         Harm     .   (no cloak)
rCorr    .         Rampage  .   (no gloves)
Will     .....                  (no boots)
Stlth    ++........             (no amulet)
HPRegen  0.00/turn              (no ring)
MPRegen  0.09/turn              (no ring)

@: no status effects
A: claws 1, cold resistance 1, negative energy resistance 3, inhibited
regeneration, torment resistance, unbreathing
a: no special abilities


You were on level 2 of the Dungeon.
You visited 1 branch of the dungeon, and saw 2 of its levels.

You collected 45 gold pieces.


Innate Abilities, Weirdness & Mutations

You thrive by killing the living.
You are immune to poison.
You have sharp fingernails.
Your flesh is cold resistant. (rC+)
You are immune to negative energy. (rN+++)
You do not regenerate when monsters are visible.
You are immune to unholy pain and torment.
You can survive without breathing.


   Skills:
 - Level 1.7 Dodging
 - Level 2.1 Stealth
 - Level 2.0 Spellcasting
 + Level 5.0 Necromancy


You had 4 spell levels left.
You knew the following spells:

 Your Spells              Type           Power        Failure   Level
z - Pain                  Necr           48%          3%          1
Z - Animate Skeleton      Necr           24%          3%          1

Your spell library contained the following spells:

 Spells                   Type           Power        Failure   Level
 Vampiric Draining        Necr           6%           11%         3
 Animate Dead             Necr           6%           36%         4
 Agony                    Necr           12%          71%         5

Inventory:

Armour
 a - a +0 robe (worn)
Scrolls
 b - a scroll of fear {unknown}
 c - a scroll of enchant armour {unknown}
 e - 2 scrolls of enchant weapon {unknown}
 g - a scroll of remove curse {unknown}
 j - a scroll of magic mapping {unknown}
 l - a scroll of teleportation {unknown}
Potions
 d - 2 potions of attraction {unknown}
 f - a potion of curing {unknown}
 h - a potion of ambrosia {unknown}
 i - 2 potions of haste {unknown}
 k - a potion of heal wounds {unknown}

Dungeon Overview and Level Annotations

Branches:
Dungeon (2/15)

Altars:

▒.▒▒▒ ▒▒▒. ..▒ ▒.▒ ...
▒.▒ ▒▒▒ ▒.. ▒.▒ ▒.. ...
▒.▒ ▒.▒ ▒.▒ ▒.▒ ▒.▒ ▒.▒
▒.▒ ▒.▒ ▒.▒ .
▒▒▒▒▒▒▒.▒▒▒.▒ ▒w▒ ...
..(.....).▒.▒▒▒▒n▒.....
▒▒▒▒▒▒▒)....†....).....)
▒▒▒▒▒▒▒▒▒▒▒▒▒▒▒▒▒▒


You could see a worm.


Message History

The worm barely resists.
You scratch the worm.
The worm is moderately wounded.
The worm bites you!
You scratch the worm.
The worm is heavily wounded.
You scratch the worm but do no damage.
The worm is heavily wounded.
The worm misses you.
You scratch the worm.
The worm is heavily wounded.
You scratch the worm but do no damage.
The worm is heavily wounded.
The worm bites you!
* * * LOW HITPOINT WARNING * * *
You scratch the worm but do no damage.
The worm is heavily wounded.
The worm closely misses you.
You scratch the worm.
The worm is severely wounded.
You scratch the worm.
The worm is almost dead.
The worm bites you!
* * * LOW HITPOINT WARNING * * *
You scratch the worm.
The worm is almost dead.
You barely miss the worm.
The worm is almost dead.
The worm bites you!
You die...

Action                   || total
-------------------------++-------
Melee: Unarmed           ||    44
 Cast: Pain              ||    39
 Stab: Sleeping          ||     3
Armor: Robe              ||     5
Dodge: Dodged            ||    31

Levels and vault maps discovered:
D:1:      tarquinn_simple_flora_water_b, layout_loops_ring, feat_on_display
D:2:      layout_loops_ring, general_overflow_altar, serial_rivers,
          chequers_serial_rivers_room_a, chequers_serial_rivers_room_b,
          chequers_serial_rivers_large_a, chequers_serial_rivers_large_b

Notes
Turn   | Place    | Note
-------+----------+-------------------------------------------
     0 | D:1      | sanka the Ghoul Necromancer began the quest for the Orb.
     0 | D:1      | Reached XP level 1. HP: 14/14 MP: 2/2
    70 | D:1      | Reached skill level 2 in Spellcasting
   224 | D:1      | Reached XP level 2. HP: 20/20 MP: 0/4
   730 | D:1      | Learned a level 1 spell: Animate Skeleton
  1302 | D:2      | Reached XP level 3. HP: 16/26 MP: 0/5
  1528 | D:2      | Reached skill level 5 in Necromancy
  1602 | D:2      | HP: 2/26 [worm (9)]
  1604 | D:2      | Mangled by a worm

Vanquished Creatures
  An adder (D:2)
  2 dart slugs
  3 bats (D:2)
  A giant cockroach (D:1)
  3 goblins
  3 hobgoblins (D:1)
  4 kobolds (D:1)
  2 frilled lizards (D:2)
  5 rats
24 creatures vanquished.
